 Dungeon Crawl Stone Soup version 0.25.1-2-g60ff931df9 (webtiles) character file.

Game seed: 4058384775705778870

1131 Delamore the Basher (level 8, -8/46 HPs)
             Began as a Gargoyle Fighter on Aug 11, 2020.
             Was a Believer of Okawaru.
             Mangled by a wight
             ... wielding a +1 long sword of distortion
              (18 damage)
             ... on level 5 of the Dungeon.
             The game lasted 00:04:01 (4760 turns).

Delamore the Basher (Gargoyle Fighter)              Turns: 4760, Time: 00:04:02

Health: -8/46      AC: 17    Str: 27    XL:     8   Next: 36%
Magic:  8/8        EV:  4    Int: 10    God:    Okawaru [**....]
Gold:   198        SH:  9    Dex:  9    Spells: 7/7 levels left

rFire    . . .     SeeInvis .   a - +0 flail
rCold    . . .     Gourm    .   c - +0 kite shield
rNeg     + . .     Faith    .   t - +0 plate armour
rPois    ∞         Spirit   .   (no helmet)
rElec    +         Reflect  .   (no cloak)
rCorr    .         Harm     .   (no gloves)
MR       .....                  (no boots)
Stlth    ..........             (no amulet)
HPRegen  0.15/turn              l - +6 ring of strength
MPRegen  0.11/turn              (no ring)

@: no status effects
A: negative energy resistance 1, electricity resistance, unbreathing,
petrification resistance, rot immunity, AC +5
a: Heroism, Renounce Religion


You were on level 5 of the Dungeon.
You worshipped Okawaru.
Okawaru was pleased with you.
You were not hungry.

You visited 1 branch of the dungeon, and saw 6 of its levels.

You collected 198 gold pieces.

Inventory:

Hand Weapons
 a - a +0 flail (weapon)
Armour
 b - a +0 scale mail
 c - a +0 kite shield (worn)
 n - the +5 kite shield "Tibylofu" {+Fly rF+++ Regen+ Slay-2}
   (You found it on level 4 of the Dungeon)

   It affects your accuracy and damage with ranged weapons and melee attacks
   (-2).
   It renders you almost immune to fire.
   It lets you fly.
   It increases your rate of regeneration.
 t - a +0 plate armour (worn)
Jewellery
 l - a +6 ring of strength (left hand)
 x - an uncursed ring of stealth {unknown}
Scrolls
 g - 2 scrolls of blinking {unknown}
 h - 4 scrolls of teleportation {unknown}
 k - a scroll of magic mapping {unknown}
 m - 8 scrolls of identify {unknown}
 o - 3 scrolls of amnesia {unknown}
 q - 2 scrolls of fear {unknown}
 s - a scroll of fog {unknown}
 w - 2 scrolls of remove curse {unknown}
Potions
 d - 2 potions of might
 e - a potion of flight {unknown}
 i - a potion of haste {unknown}
 j - a potion of lignification {unknown}
 r - a potion of magic {unknown}
 u - 2 potions of heal wounds
 v - a potion of ambrosia {unknown}
Comestibles
 f - 15 rations


   Skills:
 - Level 3.3 Fighting
 + Level 9.7 Maces & Flails
 - Level 3.5 Armour
 - Level 3.4 Shields


You had 7 spell levels left.
You didn't know any spells.
Your spell library contained the following spells:

 Spells                   Type           Power        Failure   Level  Hunger
 Magic Dart               Conj           #...         100%        1    ##.....
 Searing Ray              Conj           #.....       100%        2    ###....
 Dazzling Flash           Conj/Hex       #.....       100%        3    ####...
 Fulminant Prism          Conj/Hex       #.........   100%        4    #####..
 Iskenderun's Mystic Bla  Conj/Tloc      #.......     100%        4    #####..


Dungeon Overview and Level Annotations

Branches:
Dungeon (6/15)             Temple (0/1) D:6

Altars:
Gozag
Okawaru


Innate Abilities, Weirdness & Mutations

You are resistant to torment.
Your stone body is resilient. (AC +5)
You are immune to poison.
You resist negative energy. (rN+)
You are resistant to electric shocks. (rElec)
You can survive without breathing.
You are immune to petrification.
You are immune to rotting.


Message History

The ice beast hits you but does no damage.
You block the ice beast's attack.
You sock the ice beast!
The ice beast is heavily wounded.
The ice beast hits you but does no damage.
You sock the ice beast!
The ice beast is severely wounded.
The ice beast hits you but does no damage.
You sock the ice beast!
You kill the ice beast!
Okawaru accepts your kill. The wight hits you but does no damage.
Your plate armour prevents you from hitting the wight.
The wight hits you but does no damage. Space warps horribly around you!
The wight hits you with a cursed +0 mace.
You closely miss the wight.
The wight hits you with a +1 long sword of distortion.
* * * LOW HITPOINT WARNING * * *
Space warps horribly around you!!
You die...

..#..#.....#.......#.............
....###.#..##.....##.##..).......
#.#.....##.####.####.....###.##.#
#.#.....##...........##^## #.....
#...###.#....>......##..# #####.
..............########.## ##
................## #.# #
............###zz# ##.#
.............###@# #..#
.............###.####.##
÷..............#...##.##
.............#.###.....#
.............#.(.#>..#.#####
..............##...###.....#
###.######..#...#.(#######.##
###.# ##........(.).###..# .##.#
####..#####...........#####


You could see 2 wights.

Vanquished Creatures
  An ice beast (D:5)
  2 centaurs (D:5)
  2 ogres
  A scorpion (D:6)
  2 wights (D:6)
  2 crimson imps (D:5)
  A bullfrog zombie (D:5)
  2 hounds
  2 jellies
  A bullfrog skeleton (D:3)
  Terence (D:2)
  An iguana (D:5)
  Natasha (thrice) (D:4)
  A worker ant (D:6)
  A hound skeleton (D:4)
  3 gnolls (D:2)
  4 adders
  2 shadow imps
  2 worms
  3 dart slugs
  2 leopard geckos
  5 orcs (D:3)
  3 ball pythons
  5 bats
  3 giant cockroaches
  7 goblins
  9 hobgoblins
  4 jackals (D:3)
  2 quokkas
  7 frilled lizards
  9 kobolds
  5 rats
98 creatures vanquished.

Notes
Turn   | Place    | Note
-------+----------+-------------------------------------------
     0 | D:1      | Delamore the Gargoyle Fighter began the quest for the Orb.
     0 | D:1      | Reached XP level 1. HP: 14/14 MP: 1/1
   116 | D:1      | Reached XP level 2. HP: 19/19 MP: 2/2
   196 | D:1      | Found an iron altar of Okawaru.
   201 | D:1      | Became a worshipper of Warmaster Okawaru
   830 | D:2      | Reached skill level 3 in Maces & Flails
   830 | D:2      | Reached XP level 3. HP: 22/23 MP: 3/3
  1103 | D:2      | Reached XP level 4. HP: 26/28 MP: 4/4
  1135 | D:2      | Reached skill level 4 in Maces & Flails
  1721 | D:2      | Noticed Terence
  1730 | D:2      | Killed Terence
  1730 | D:2      | Reached XP level 5. HP: 23/32 MP: 5/5
  2129 | D:3      | Reached skill level 5 in Maces & Flails
  2850 | D:4      | Found an iron altar of Okawaru.
  2888 | D:4      | Noticed Natasha
  2905 | D:4      | Killed Natasha
  2909 | D:4      | Reached XP level 6. HP: 11/37 MP: 6/6
  2915 | D:4      | Noticed Natasha
  2937 | D:4      | HP: 1/37 [Natasha/magic dart (6)]
  2946 | D:4      | Killed Natasha
  2946 | D:4      | Reached * piety under Okawaru
  2946 | D:4      | Reached skill level 6 in Maces & Flails
  3055 | D:4      | Noticed Natasha
  3062 | D:4      | Killed Natasha
  3294 | D:4      | Got a spiked kite shield
  3305 | D:4      | Identified the +5 kite shield "Tibylofu" {+Fly rF+++ Regen+
                  | Slay-2} (You found it on level 4 of the Dungeon)
  3811 | D:5      | Entered Level 5 of the Dungeon
  3821 | D:5      | Reached skill level 7 in Maces & Flails
  3840 | D:5      | Reached XP level 7. HP: 31/41 MP: 7/7
  3968 | D:5      | Reached ** piety under Okawaru
  4008 | D:5      | Found an opulent altar of Gozag.
  4063 | D:5      | Reached skill level 8 in Maces & Flails
  4420 | D:6      | Reached skill level 9 in Maces & Flails
  4420 | D:6      | Reached XP level 8. HP: 46/46 MP: 8/8
  4618 | D:6      | Found a staircase to the Ecumenical Temple.
  4760 | D:5      | Mangled by a wight

Illustrated notes

Levels and vault maps discovered:
D:1:      lightli_arrival_windingriver, layout_basic, okawaru_ov_weapons_minmay
D:2:      layout_basic, serial_forest, infiniplex_forest_clump_double,
          infiniplex_forest_zigzag_1, infiniplex_forest_straight_3,
          infiniplex_forest_clump_small, infiniplex_forest_clump_diagonal,
          infiniplex_forest_clump_double, uniq_terence
D:3:      layout_rooms, first_ration, patterned_corridor
D:4:      layout_basic, lemuel_doored_altar, uniq_natasha
D:5:      layout_rooms, old_standard_altar
D:6:      layout_cave_pools, temple_fountains, ebering_ghost_sewer_d

Skill      XL: |  1  2  3  4  5  6  7 |
---------------+----------------------+-----
Maces & Flails | 3 4 5 7 9 |  9.7
Fighting       | |  3.3
Armour         | |  3.5
Shields        | |  3.4

Action                   |  1- 3 |  4- 6 |  7- 9 || total
-------------------------+-------+-------+-------++-------
Melee: Flail             |    95 |   231 |    78 ||   404
  Use: Potion            |       |     2 |       ||     2
  Eat: Chunk             |     1 |     9 |     3 ||    13
Armor: Scale mail        |    48 |   111 |     5 ||   164
       Plate armour      |       |       |    37 ||    37
Dodge: Dodged            |    29 |    58 |     9 ||    96
Block: Kite shield       |    59 |   125 |    39 ||   223
